 Dungeon Crawl Stone Soup version 0.23.2-1-ga50397a (webtiles) character file.

Game seed: 6233962666028388410

27 Iscandelvey the Vexing (level 2, -8/21 HPs)
             Began as a Demonspawn Arcane Marksman on May 11, 2019.
             Mangled by a gnoll
             ... wielding a +0 spear
              (10 damage)
             ... on level 1 of the Dungeon.
             The game lasted 00:00:20 (482 turns).

Iscandelvey the Vexing (Demonspawn Arcane Marksman)  Turns: 482, Time: 00:00:20

Health: -8/21      AC:  2    Str: 10    XL:     2   Next: 93%
Magic:  3/3        EV: 12    Int: 14    God:
Gold:   15         SH:  4    Dex: 13    Spells: 2/3 levels left

rFire    . . .     SeeInvis .   a - +0 hand crossbow
rCold    . . .     Gourm    .   (no shield)
rNeg     . . .     Faith    .   e - +0 robe
rPois    .         Spirit   .   (no helmet)
rElec    .         Reflect  .   (no cloak)
rCorr    .         Harm     .   (no gloves)
MR       .....                  (no boots)
Stlth    +.........             (no amulet)
HPRegen  0.07/turn              (no ring)
MPRegen  0.08/turn              (no ring)

@: no status effects
A: large bone plates 1
a: no special abilities


You were on level 1 of the Dungeon.
You were not hungry.

You visited 1 branch of the dungeon, and saw 1 of its levels.

You collected 15 gold pieces.

Inventory:

Hand Weapons
 a - a +0 hand crossbow (weapon)
Missiles
 d - 8 bolts (quivered)
Armour
 e - a +0 robe (worn)
Jewellery
 j - an uncursed ring of ice {unknown}
 l - a +3 ring of evasion {unknown}
Scrolls
 b - a scroll of enchant weapon {unknown}
 c - a scroll of identify {unknown}
 g - 2 scrolls of teleportation {unknown}
 h - 2 scrolls of amnesia {unknown}
 i - a scroll of enchant armour {unknown}
Potions
 k - a potion of curing {unknown}
Comestibles
 f - 5 rations


   Skills:
 + Level 1.0 Fighting
 + Level 2.0 Crossbows
 + Level 1.9 Dodging
 + Level 0.1 Stealth
 + Level 1.0 Spellcasting
 + Level 3.9 Hexes


You had 2 spell levels left.
You knew the following spells:

 Your Spells              Type           Power        Failure   Level  Hunger
a - Corona                Hex            ##.....      5%          1    ##.....

Your spell library contained the following spells:

 Spells                   Type           Power        Failure   Level  Hunger
 Slow                     Hex            ##......     8%          2    ###....
 Inner Flame              Hex/Fire       #.......     34%         3    ####...
 Portal Projectile        Hex/Tloc       #.....       34%         3    ####...
 Cause Fear               Hex            ##........   45%         4    #####..
 Leda's Liquefaction      Hex/Erth       #.........   75%         4    #####..


Dungeon Overview and Level Annotations

Branches:
Dungeon (1/15)

Altars:


Innate Abilities, Weirdness & Mutations

You are partially covered in large bone plates. (SH +4)


Message History

You are too injured to fight recklessly!
A gnoll is nearby!
You are too injured to fight recklessly!
A gnoll is nearby!
You are too injured to fight recklessly!
A gnoll is nearby!
You are too injured to fight recklessly!
Firing (i - inventory)
d - 10 bolts (quivered)
Press: ? - help, Shift-Dir - straight line, f - gnoll
Aim: a gnoll, wielding a +0 spear You shoot a bolt.
The bolt barely misses the gnoll.
The gnoll closely misses you.
Firing (i - inventory)
d - 9 bolts (quivered)
Press: ? - help, Shift-Dir - straight line, f/p - gnoll
Aim: a gnoll, wielding a +0 spear You shoot a bolt.
The bolt barely misses the gnoll.
The gnoll hits you from afar with a +0 spear.
* * * LOW HITPOINT WARNING * * *
The gnoll hits you from afar with a +0 spear!
You die...

.#.....# .......#
.####### #### .#
#.. ## ... . #(#
.( ##(###.#
#####......#.#
#.....@(g....(
#####.#(.#.#.# ##
#.##.# #. #######
#.# ... #.
##.....# ######.#
#(. #. ...>.#.#
#......# ?#.#
####.
#......###.###..##
. . ....
#(...............#
# #.
#........#.#...#.#
######.


You could see a gnoll.

Vanquished Creatures
  A gnoll (D:1)
  A ball python (D:1)
  3 hobgoblins (D:1)
  A jackal (D:1)
  4 bats (D:1)
  3 goblins (D:1)
  2 kobolds (D:1)
  2 rats (D:1)
17 creatures vanquished.

Notes
Turn   | Place    | Note
-------+----------+-------------------------------------------
     0 | D:1      | Iscandelvey the Demonspawn Arcane Marksman began the quest
                  | for the Orb.
     0 | D:1      | Reached XP level 1. HP: 15/15 MP: 2/2
   160 | D:1      | Gained mutation: You are partially covered in large bone
                  | plates. (SH +4) [demonic ancestry]
   160 | D:1      | Reached XP level 2. HP: 21/21 MP: 3/3
   482 | D:1      | Mangled by a gnoll

Skill      XL: |  1  2 |
---------------+-------+-----
Crossbows      | 2 |  2.0
Fighting       | |  1.0
Dodging        | |  1.9
Stealth        | |  0.1
Spellcasting   | |  1.0
Hexes          | |  3.9

Action                   || total
-------------------------++-------
 Fire: Hand crossbow     ||    34
Armor: Robe              ||     2
Dodge: Dodged            ||     6
